Map: Abyssal Reef LE

Players

Musumeci - Winner!

  • Race: Zerg Zerg
  • League: Diamond
  • Spawn Location: 11:00

CRAPOUILLOU

  • Race: Terran Terran
  • League: Diamond
  • Spawn Location: 5:00

VOD

Have the link to the VOD?

Description

Time

  • Played on: Jan. 29, 2017, 12:42 p.m.
  • Length: 18:28
Show
View Real Time Build Order
Export as new Build Order

Musumeci Zerg - Winner!

Build Orders: Hatch First 

Get SALT Encoding   

  12  0:01  Drone  
  13  0:10  Drone  
  14  0:16  Drone, Extractor  
  15  0:47  Hatchery  
  14  0:51  Drone, Extractor  
  14  0:52  Drone, Extractor  
  16  1:11  Spawning Pool  
  15  1:15  Overlord  
  15  1:34  Drone x3  
  18  1:45  Drone  
  19  1:58  Queen  
  19  1:59  Queen  
  19  2:00  Drone  
  19  2:01  Drone  
  25  2:08  Overlord  
  25  2:12  Drone  
  26  2:18  Drone  
  26  2:22  Drone  
  28  2:46  Queen  
  28  2:47  Queen  
  28  2:49  Drone  
  28  2:50  Overlord  
  33  2:52  Overlord  
  33  2:53  Drone x3  
  36  3:17  Drone x4  
  39  3:39  Drone  
  39  3:40  Drone x6  
  46  3:42  Extractor  
  46  3:44  Extractor  
  46  3:45  Hatchery  
  46  3:47  Overlord  
  43  3:49  Roach Warren  
  42  4:03  Drone x2  
  42  4:06  Drone x2  
  46  4:28  Roach  
  46  4:30  Roach  
  46  4:31  Roach x2  
  54  5:00  Evolution Chamber  
  54  5:03  Evolution Chamber  
  54  5:05  Drone x2  
  54  5:07  Roach x5  
  64  5:15  Lair  
  64  5:18  Drone x2  
  64  5:19  Overlord x3, Extractor  
  64  5:20  Overlord x2  
  65  5:24  Spore Crawler  
  65  5:25  Spore Crawler  
  63  5:29  Spore Crawler  
  63  5:30  Spore Crawler  
  61  5:46  Spore Crawler  
  60  6:02  Zerg Ground Armor Level 1, Zerg Missile Weapons Level 1  
  60  6:10  Drone x3  
  63  6:12  Drone x3  
  63  6:13  Drone  
  63  6:14  Drone, Extractor  
  63  6:15  Drone x3  
  63  6:16  Drone x8  
  78  6:41  Extractor  
  78  6:42  Roach x2  
  78  6:43  Roach x6, Extractor  
  90  6:55  Drone x3  
  93  7:07  Spore Crawler  
  92  7:15  Spore Crawler  
  92  7:19  Drone  
  92  7:20  Drone x2  
  92  7:21  Drone x3  
  92  7:22  Drone x8  
  105  7:38  Overlord x5  
  105  7:45  Drone  
  106  7:57  Roach  
  106  7:58  Roach x7  
  122  7:59  Ravager x4  
  122  8:00  Ravager x7  
  133  8:31  Roach x2  
  133  8:32  Roach x4  
  145  8:34  Hatchery  
  145  8:38  Extractor x2  
  136  8:51  Zerg Missile Weapons Level 2, Zerg Ground Armor Level 2  
  136  8:55  Glial Reconstitution  
  111  9:11  Roach x4  
  111  9:12  Roach x15  
  128  9:20  Roach x6  
  101  9:47  Roach x10  
  103  9:55  Roach x2  
  91  10:06  Queen  
  91  10:08  Ravager x7  
  100  10:21  Roach x9  
  106  10:37  Roach x8, Extractor  
  106  10:40  Hatchery  
  110  10:44  Extractor  
  109  10:56  Drone  
  110  10:59  Drone x3  
  110  11:00  Drone x3  
  116  11:04  Ravager x5  
  116  11:05  Ravager  
  122  11:13  Infestation Pit  
  118  11:38  Overseer  
  118  11:43  Drone x6  
  124  11:52  Roach x11  
  124  11:53  Roach x2  
  150  12:00  Hive  
  150  12:22  Roach x12  
  138  12:28  Roach x2  
  107  12:38  Roach x6  
  109  12:51  Roach  
  109  12:52  Roach x3  
  105  12:59  Roach x4  
  113  13:37  Ravager  
  113  13:38  Ravager x11  
  113  13:40  Roach  
  113  13:41  Roach x8  
  143  14:00  Overlord x7, Extractor  
  142  14:03  Hatchery  
  123  14:19  Drone x8  
  123  14:20  Drone  
  123  14:21  Drone x2  
  134  14:24  Extractor  
  132  14:45  Evolution Chamber  
  131  14:47  Evolution Chamber  
  131  14:50  Spore Crawler  
  131  14:51  Spine Crawler  
  128  15:03  Spine Crawler  
  128  15:05  Spine Crawler  
  128  15:06  Spine Crawler, Spore Crawler x2  
  121  15:07  Spore Crawler  
  100  15:22  Roach  
  100  15:23  Roach x8  
  100  15:24  Ravager x7  
  116  15:42  Roach x3  
  121  15:43  Roach x13  
  115  16:05  Roach x8  
  115  16:06  Roach x11  
  125  16:32  Roach  
  125  16:33  Roach x4  
  115  16:55  Ravager x13  
  115  16:56  Ravager x4  
  129  17:10  Roach x3  
  129  17:12  Ravager x2  
  121  17:48  Ravager  
  121  17:49  Ravager x3  
Show
View Real Time Build Order
Export as new Build Order

CRAPOUILLOU Terran 

Build Orders: Reaper Expand, MMM Bio 

Get SALT Encoding   

  12  0:00  SCV  
  13  0:13  SCV  
  14  0:18  Supply Depot  
  14  0:25  SCV  
  15  0:40  SCV  
  16  0:43  Barracks  
  16  0:47  Refinery  
  16  0:52  SCV  
  18  1:04  SCV  
  18  1:16  SCV  
  19  1:30  Orbital Command  
  19  1:32  Reaper  
  20  1:43  Command Center  
  20  1:55  Barracks  
  20  1:56  SCV  
  21  2:05  Supply Depot  
  21  2:06  Barracks Reactor  
  21  2:11  SCV  
  21  2:14  Refinery  
  22  2:26  Factory  
  22  2:27  SCV  
  23  2:40  SCV  
  23  2:44  Marine x2, Barracks Tech Lab  
  25  2:54  SCV  
  26  3:02  Marine x2  
  26  3:04  Marine  
  29  3:05  Stimpack  
  29  3:06  SCV  
  30  3:15  Orbital Command  
  30  3:19  SCV  
  31  3:22  Marine  
  31  3:23  Marine x2  
  34  3:32  Starport  
  34  3:33  Factory Reactor  
  34  3:39  SCV  
  35  3:42  SCV  
  36  3:49  Marine x3  
  36  3:51  SCV  
  36  3:55  SCV  
  41  4:03  SCV  
  42  4:10  SCV  
  42  4:12  Supply Depot  
  43  4:18  SCV  
  43  4:19  Marine  
  43  4:20  Marine  
  46  4:27  Supply Depot  
  46  4:33  SCV x2, Marine, Medivac x2  
  46  4:37  Marine  
  54  4:39  Factory Reactor  
  54  4:47  Barracks  
  54  4:48  Engineering Bay  
  54  4:49  Marine, Engineering Bay  
  54  4:51  Marine  
  56  4:55  Marine  
  56  4:57  Supply Depot  
  56  4:58  SCV  
  58  5:00  SCV  
  58  5:01  Refinery  
  59  5:14  SCV  
  59  5:15  SCV  
  59  5:20  Marine x3  
  64  5:22  Widow Mine x2  
  64  5:24  Combat Shields  
  64  5:26  SCV  
  64  5:27  Terran Infantry Armor Level 1, Terran Infantry Weapons Level 1  
  68  6:05  Marine x2  
  68  6:06  Barracks Reactor  
  70  6:18  Barracks  
  70  6:19  Command Center  
  70  6:22  Supply Depot  
  70  6:24  Factory Tech Lab  
  70  6:33  Armory  
  70  6:36  Barracks  
  70  6:38  Refinery  
  70  6:41  Supply Depot x3  
  70  6:42  Supply Depot  
  70  6:43  Marine x4, Medivac x2  
  78  6:52  SCV  
  78  6:53  SCV, Marine  
  78  7:03  Marine x4  
  78  7:04  SCV, Siege Tank  
  78  7:05  SCV  
  78  7:06  Concussive Shells  
  87  7:13  Medivac x2  
  87  7:14  Marine x2  
  93  7:22  Marauder  
  95  7:23  Terran Vehicle Weapons Level 1  
  95  7:27  Liberator  
  95  7:36  Marine x3  
  95  7:37  Marine x2, Barracks Tech Lab  
  98  7:38  Siege Tank  
  98  7:43  Marauder  
  108  7:49  SCV x2  
  110  7:52  Orbital Command  
  110  8:00  Marine x4  
  110  8:01  Marine  
  110  8:05  SCV  
  116  8:06  SCV  
  116  8:10  Siege Tank  
  120  8:20  Marine x5  
  120  8:25  Supply Depot  
  125  8:27  Supply Depot  
  125  8:38  Orbital Command  
  125  8:43  Marine  
  125  8:44  Marine x2  
  125  8:47  Marauder x2  
  124  9:05  Marine x4  
  124  9:06  Marine  
  124  9:08  Marauder x2  
  104  9:23  Marine x4  
  99  9:24  Siege Tank  
  99  9:29  Marauder x2  
  106  9:32  Liberator x2  
  102  9:45  Marine x5  
  97  9:46  Marine  
  97  9:51  Marauder x2  
  94  10:02  SCV x2  
  94  10:03  SCV, Marine x4  
  101  10:12  Marauder x2  
  105  10:14  SCV x2  
  105  10:15  SCV  
  102  10:24  Marine  
  102  10:25  Siege Tank  
  102  10:26  SCV, Marine x5  
  102  10:27  SCV x2  
  105  10:33  Marauder x2  
  99  10:39  SCV x2  
  91  10:43  Marine x2  
  91  10:44  Marine x3  
  95  10:54  Marine, Medivac x2  
  95  10:55  Marauder, Marine  
  103  11:00  SCV x3, Marine  
  103  11:01  Marine  
  103  11:02  Marine x3, Siege Tank  
  114  11:06  Terran Vehicle Weapons Level 2  
  114  11:07  Command Center  
  114  11:08  Terran Infantry Weapons Level 2, Terran Infantry Armor Level 2  
  114  11:09  Barracks  
  114  11:12  Marine  
  115  11:25  SCV x3  
  115  11:27  Marine x7  
  115  11:28  Refinery x2  
  115  11:29  Medivac  
  115  11:30  Marine  
  115  11:32  Medivac  
  123  11:35  Siege Tank  
  123  11:37  SCV  
  127  11:42  Factory  
  127  11:46  Marauder x2  
  131  11:50  Marine x4  
  131  11:51  Marine x2  
  137  12:07  Marauder, Marine  
  137  12:08  Marine  
  141  12:11  Unknown  
  141  12:16  Marine x2  
  141  12:17  Marine x2  
  141  12:18  Marine x2  
  141  12:19  Siege Tank  
  129  12:25  Marauder  
  129  12:28  Marauder  
  129  12:29  Marine  
  119  12:30  Medivac x2  
  119  12:34  Marine x3  
  119  12:35  Marine  
  121  12:46  Marauder  
  121  12:48  Marine x3  
  121  12:50  Marauder  
  120  12:52  Marine x2  
  112  13:04  Marine x2  
  109  13:06  Marine x3  
  109  13:08  Marauder  
  113  13:14  Marine x3  
  110  13:20  Medivac  
  110  13:21  Medivac  
  110  13:22  Marine x2, Siege Tank  
  110  13:24  Marine x3  
  118  13:28  Marine  
  118  13:32  Marine x3  
  120  13:40  Marine  
  121  13:47  Marauder  
  119  13:48  Factory Tech Lab  
  119  13:49  Marine x2  
  119  13:50  Marine x5  
  126  13:57  Marine  
  127  14:07  Marine x2  
  127  14:08  Marine x6  
  127  14:09  Siege Tank x2  
  141  14:11  Medivac x2  
  141  14:15  Marine  
  126  14:25  Marine x2  
  126  14:26  Marine x5  
  129  14:41  Siege Tank  
  129  14:45  Marine x5  
  121  14:46  Marine x2  
  121  14:47  Marauder x2  
  121  14:48  Siege Tank  
  133  14:53  Planetary Fortress  
  133  14:57  Terran Infantry Weapons Level 3  
  133  14:59  Terran Infantry Armor Level 3  
  92  15:21  Marine  
  92  15:22  Marine x8  
  92  15:26  Siege Tank  
  92  15:27  Siege Tank  
  103  15:39  Marine  
  103  15:40  Marauder, Marine x5, Medivac  
  103  15:42  Marine x2  
  90  15:57  Marine x6  
  90  15:59  Marine  
  90  16:00  Marauder  
  90  16:01  Marine  
  88  16:09  Siege Tank  
  90  16:15  Marine x6  
  90  16:17  Marine  
  87  16:20  Marauder  
  87  16:21  Marauder  
  85  16:26  Medivac  
  85  16:30  SCV  
  85  16:31  SCV x2  
  85  16:32  Marine  
  85  16:33  Marine x5  
  85  16:35  Marine  
  80  16:41  Marauder  
  80  16:43  Marauder, SCV x3  
  83  16:50  Marine  
  83  16:51  Marine x3  
  76  16:55  SCV  
  76  17:00  SCV  
  75  17:02  Marauder, Siege Tank  
  75  17:04  Marine  
  79  17:21  Marine x5  
  79  17:22  Marauder  
  82  17:34  Siege Tank  
Tags
 
Add a new tag
Caveats
  • Supply blocks, unpowered buildings, or Contaminate may cause inaccurate times.
  • Supply counts are checked every 10 seconds.